 Dungeon Crawl Stone Soup version 0.27-a0-1140-g099f9bb0e8 (webtiles) character file.

Game seed: 17307897843399786067

38 Shayle the Grave Robber (level 3, -4/25 HPs)
             Began as a Palentonga Necromancer on May 9, 2021.
             Slain by a hornet zombie (12 damage)
             ... on level 2 of the Dungeon.
             The game lasted 00:05:32 (2248 turns).

Shayle the Grave Robber (Palentonga Necromancer)    Turns: 2248, Time: 00:05:32

Health: -4/25      AC:  5    Str: 11    XL:     3   Next: 25%
Magic:  6/6        EV:  9    Int: 16    God:
Gold:   115        SH:  0    Dex: 10    Spells: 2/6 levels left

rFire    + . .     SeeInvis +   c - +0 short sword (protect)
rCold    . . .     Faith    .   (no shield)
rNeg     . . .     Spirit   .   a - +0 robe
rPois    .         Reflect  .   h - +0 helmet
rElec    .         Harm     .   (no cloak)
rCorr    .         Rampage  .   (no gloves)
Will     .....                  (no barding)
Stlth    +.........             (no amulet)
HPRegen  0.08/turn              b - ring of protection from fire
MPRegen  0.10/turn              (no ring)

@: confused, weak-willed, ambrosia-drunk, hasted, very quick
A: large, rugged brown scales 3, see invisible, deformed body, roll 1, armoured
tail
a: Rolling Charge


You were on level 2 of the Dungeon.
You visited 1 branch of the dungeon, and saw 2 of its levels.

You collected 115 gold pieces.

Inventory:

Hand Weapons
 c - a +0 short sword of protection (weapon)
Armour
 a - a +0 robe (worn)
 h - a +0 helmet (worn)
Jewellery
 b - a ring of protection from fire (left hand)
Potions
 d - a potion of flight {unknown}
 e - a potion of ambrosia


   Skills:
 - Level 1.5 Dodging
 - Level 1.2 Stealth
 - Level 2.0 Spellcasting
 + Level 5.1 Necromancy


You had 2 spell levels left.
You knew the following spells:

 Your Spells              Type           Power      Damage    Failure   Level
a - Pain                  Necr           72%        1d7       2%          1
b - Vampiric Draining     Necr           9%         2d7       8%          3

Your spell library contained the following spells:

 Spells                   Type           Power      Damage    Failure   Level
 Animate Skeleton         Necr           36%        N/A       2%          1
 Animate Dead             Necr           9%         N/A       24%         4
 Confusing Touch          Hex            1%         N/A       52%         3
 Gell's Gravitas          Tloc           0%         N/A       52%         3
 Agony                    Necr           18%        N/A       56%         5
 Petrify                  Tmut/Erth      1%         N/A       90%         4
 Metabolic Englaciation   Hex/Ice        0%         N/A       99%         5
 Yara's Violent Unravell  Hex/Tmut       0%         3d3       99%         5


Dungeon Overview and Level Annotations

Branches:
Dungeon (2/15)

Altars:


Innate Abilities, Weirdness & Mutations

You are completely covered in rugged brown scales. (AC +3, +7% HP)
You have supernaturally acute eyesight. (SInv)
Armour fits poorly on your strangely shaped body.
You can roll at nearby foes to attack.
You have a long armoured tail.


Message History

Confirm with . or Enter, or press ? or * to list all spells.
Aiming: Pain (safe; 2% risk of failure)
Press: ? - help, Shift-Dir - straight line, f/p - quokka
Aim: a quokka (severely wounded, chance to affect: 89%)
The quokka writhes in agony.
You kill the quokka!
You see here a quokka corpse.
You see here a quokka corpse.
A hornet zombie comes into view.
You aren't carrying any items that you can evoke.
Okay, then.
Unknown command.
As you read the scroll labelled GIROTHOPIA, it crumbles to dust.
Magic quickly surges around you.
It was a scroll of vulnerability.
You barely miss the hornet zombie. The hornet zombie hits you.
The hornet zombie barely misses you.
You hit the hornet zombie.
Your weapon exudes an aura of protection.
The hornet zombie is lightly damaged.
The hornet zombie barely misses you.
You hit the hornet zombie.
The hornet zombie is lightly damaged.
The hornet zombie hits you but does no damage.
The hornet zombie hits you!
You hit the hornet zombie but do no damage.
The hornet zombie is lightly damaged.
The hornet zombie hits you!
* * * LOW HITPOINT WARNING * * *
Unknown command.
It was a potion of ambrosia.
You are confused.
You feel invigorated. The hornet zombie misses you.
You see here a quokka corpse.
The hornet zombie hits you.
You bump into the rock wall.
The hornet zombie hits you.
You bump into the rock wall.
The hornet zombie hits you!
* * * LOW HITPOINT WARNING * * *
It was a potion of haste.
You feel yourself speed up. The hornet zombie hits you!
You die...

...# #.#
#.#..##### ####
#.###.........
####
#........######
....
######.#......#
.... #.....##.#
....
###......####
####
#.#.......#
#Z#######.#
#.@.# #.#
#####.# #.#
#.....# #.#
#.##### #Z#
###### #.# #.#
.....# #.# #.#
.....# #.# #.#
.....# #.# #.#
.....# #.# #.#


You could see a hornet zombie (weak-willed).

Vanquished Creatures
  An adder (D:2)
  2 dart slugs
  A ball python (D:1)
  3 bats
  2 giant cockroaches
  4 goblins
  2 hobgoblins (D:2)
  3 quokkas
  2 frilled lizards
  3 kobolds
  A rat (D:1)
24 creatures vanquished.

Notes
Turn   | Place    | Note
-------+----------+-------------------------------------------
     0 | D:1      | Shayle the Palentonga Necromancer began the quest for the
                  | Orb.
     0 | D:1      | Reached XP level 1. HP: 13/13 MP: 3/3
   595 | D:1      | Reached XP level 2. HP: 16/20 MP: 0/5
  1982 | D:2      | Reached skill level 5 in Necromancy
  1982 | D:2      | Reached XP level 3. HP: 23/25 MP: 3/6
  1986 | D:2      | Learned a level 3 spell: Vampiric Draining
  2248 | D:2      | Slain by a hornet zombie

Illustrated notes

Levels and vault maps discovered:
D:1:      lemuel_arrival_river_ford, layout_loops_ring
D:2:      layout_basic, minmay_goblin_outpost, uniq_robin

Skill      XL: |  1  2 |
---------------+-------+-----
Necromancy     | 5 |  5.1
Dodging        | |  1.5
Stealth        | |  1.2
Spellcasting   | |  2.0

Action                   || total
-------------------------++-------
Melee: Short sword       ||    16
       Unarmed           ||     1
       Tailslap          ||     1
 Cast: Pain              ||    41
  Use: Potion            ||     2
       Scroll            ||     1
Armor: Robe              ||     7
Dodge: Dodged            ||    17

Table legend: (Time is in decaauts)
 A = Elapsed time spent in this place.
 B = Non-inter-level travel time spent in this place.
 C = Inter-level travel time spent in this place.
 D = Time resting spent in this place.
 E = Time spent auto-exploring this place.
 F = Levels seen in this place.
 G = Mean time per level.
                   A        B        C        D        E       F      G
               +--------+--------+--------+--------+--------+-----+--------+
         Total |   2253 |   2240 |     13 |    632 |   1336 |   2 | 1126.5 |
       Dungeon |   2253 |   2240 |     13 |    632 |   1336 |   2 | 1126.5 |
               +--------+--------+--------+--------+--------+-----+--------+

Top non-repeatable levels by time:
     D:1: 1334 daAuts
     D:2: 918 daAuts
